 Dungeon Crawl Stone Soup version 0.30.0-29-ga12c61a403 (webtiles) character file.

Game seed: 3118550267389330255

360 safid the Chiller (level 6, -5/48 HPs)
             Began as a Merfolk Ice Elementalist on June 16, 2023.
             Splashed by a jelly's acid (10 damage)
             ... on level 4 of the Dungeon.
             The game lasted 00:05:53 (3811 turns).

safid the Chiller (Merfolk Ice Elementalist)        Turns: 3811, Time: 00:05:54

Health: -5/48      AC: -1    Str:  8    XL:     6   Next: 65%
Magic:  8/11       EV: 12    Int: 16    God:
Gold:   220        SH:  0    Dex: 15    Spells: 5/12 levels left

rFire   . . .        g - +0 short sword (venom)
rCold   + . .        (no shield)
rNeg    . . .        a - +0 robe
rPois   .            (no helmet)
rElec   .            (no cloak)
rCorr   .            p - +0 pair of gloves
SInv    .            (no boots)
Will    .....        (no amulet)
Stlth   ++           e - ring of protection from cold
HPRegen 0.28/turn    k - +4 ring of slaying
MPRegen 0.12/turn

%: no passive effects
@: corroded
A: (nimble swimmer 2), mertail
a: no special abilities


You were on level 4 of the Dungeon.
You visited 1 branch of the dungeon, and saw 4 of its levels.

You collected 248 gold pieces.
You spent 28 gold pieces at shops.

Inventory:

Hand Weapons
 g - a +0 short sword of venom (weapon)
Missiles
 s - a throwing net
Armour
 a - a +0 robe (worn)
 p - a +0 pair of gloves (worn)
Jewellery
 e - a ring of protection from cold (left hand)
 k - a +4 ring of slaying (right hand)
Wands
 r - a wand of charming (13)
Scrolls
 d - 2 scrolls of teleportation {unknown}
 f - 5 scrolls of identify
 h - a scroll of poison {unknown}
 l - a scroll of amnesia {unknown}
 o - a scroll of enchant armour {unknown}
 t - a scroll of immolation {unknown}
Potions
 b - 2 potions of magic
 c - 3 potions of curing
 i - 2 potions of might {unknown}
 j - 2 potions of heal wounds {unknown}
 m - a potion of mutation {unknown}
 n - a potion of brilliance {unknown}
 q - a potion of flight {unknown}


   Skills:
 + Level 3.9 Fighting
 - Level 2.6 Dodging
 - Level 2.1 Stealth
 + Level 3.9 Spellcasting
 + Level 6.0 Ice Magic


You had 5 spell levels left.
You knew the following spells:

 Your Spells              Type           Power      Damage    Failure   Level
a - Freeze                Ice            88%        1d9       1%          1
b - Frozen Ramparts       Ice            44%        1d7       4%          3
c - Ozocubu's Armour      Ice            22%        N/A       4%          3

Your spell library contained the following spells:

 Spells                   Type           Power      Damage    Failure   Level
 Beastly Appendage        Tmut           6%         N/A       17%         1
 Kiss of Death            Conj/Necr      12%        2d6       17%         1
 Magic Dart               Conj           12%        1d3       17%         1
 Slow                     Hex            12%        N/A       17%         1
 Searing Ray              Conj           6%         2d4       26%         2
 Wereblood                Tmut           3%         N/A       26%         2
 Summon Ice Beast         Ice/Summ       12%        N/A       43%         4
 Confusing Touch          Hex            3%         N/A       45%         3
 Dazzling Flash           Conj/Hex       6%         N/A       45%         3
 Spider Form              Tmut/Pois      3%         N/A       45%         3
 Vampiric Draining        Necr           3%         2d6       45%         3
 Dispel Undead            Necr           3%         3d7       86%         4
 Fulminant Prism          Conj/Hex       1%         3d5       86%         4
 Agony                    Necr           3%         N/A       99%         5
 Silence                  Hex/Air        1%         N/A       99%         5
 Summon Mana Viper        Hex/Summ       3%         N/A       99%         5
 Monstrous Menagerie      Summ           1%         N/A       100%        7


Dungeon Overview and Level Annotations

Branches:
Dungeon (4/15)
 Temple: D:4-7

Altars:

Shops:
D:2 ?(   D:3 ?

Annotations:
D:3 1 runed translucent door, Crazy Yiuf


Innate Abilities, Weirdness & Mutations

((You are very nimble when in or above water. (Stealth+, EV+, Speed+++)))
Your lower body shifts to a powerful aquatic tail in water.


Message History

The helpless jelly fails to defend itself.
You hit the jelly.
Your hands burn!
The jelly is moderately wounded.
The jelly hits you. The acid corrodes you!
You are splashed with acid!
You hit the jelly but do no damage.
Your hands burn!
The jelly is lightly wounded.
The jelly hits you.
You are splashed with acid!
You are too injured to fight recklessly!
You are too injured to fight recklessly!
Casting: Frozen Ramparts (dangerous; 4% risk of failure)
Confirm with . or Enter, or press ? or * to list all spells.
Aiming: Freeze (safe; 1% risk of failure)
Press: ? - help, Shift-Dir - straight line, f - jelly
Aim: a jelly (lightly wounded)
You freeze the jelly.
The jelly is moderately wounded.
The jelly hits you.
You are splashed with acid.
Unknown command.
Casting: Freeze (safe; 1% risk of failure)
Confirm with . or Enter, or press ? or * to list all spells.
Aiming: Freeze (safe; 1% risk of failure)
Press: ? - help, Shift-Dir - straight line, f/p - jelly
Aim: a jelly (moderately wounded)
You freeze the jelly.
The jelly is heavily wounded.
The jelly hits you.
* * * LOW HITPOINT WARNING * * *
You are splashed with acid!
* * * LOW HITPOINT WARNING * * *
Casting: Freeze (safe; 1% risk of failure)
Confirm with . or Enter, or press ? or * to list all spells.
Aiming: Freeze (safe; 1% risk of failure)
Press: ? - help, Shift-Dir - straight line, f/p - jelly
Aim: a jelly (heavily wounded)
You freeze the jelly.
The jelly is severely wounded.
The jelly hits you.
* * * LOW HITPOINT WARNING * * *
The acid corrodes you!
You are splashed with acid!
You die...

#.##.##.##.#
# #.##.##.#
#.......###
#.##.)....#
#.#####.#.#
#.# #.#.# #.
#.#.#
...#####.#.#
......J@.#.#
##########.#
#.# #.#


You could see a jelly.

Vanquished Creatures
  A gnoll sergeant (D:4)
  2 hounds (D:4)
  Jessica (D:3)
  7 gnolls (D:4)
  4 adders
  2 worms (D:2)
  2 dart slugs (D:3)
  7 bats
  7 endoplasms
  3 giant cockroaches
  9 goblins
  14 hobgoblins
  13 jackals
  3 kobolds
  2 quokkas (D:3)
  12 ball pythons
  4 frilled lizards
  3 rats
96 creatures vanquished.

Notes
Turn   | Place    | Note
-------+----------+-------------------------------------------
     0 | D:1      | safid the Merfolk Ice Elementalist began the quest for the
                  | Orb.
     0 | D:1      | Reached XP level 1. HP: 13/13 MP: 3/3
   200 | D:1      | Reached XP level 2. HP: 20/20 MP: 1/5
   260 | D:1      | Reached skill level 1 in Fighting
   359 | D:1      | You fall into a shaft and drop 1 floor!
   598 | D:1      | Reached XP level 3. HP: 23/25 MP: 6/6
   657 | D:1      | Learned a level 3 spell: Frozen Ramparts
  1199 | D:2      | Found a faded altar of an unknown god.
  1301 | D:2      | Found Welydgh's Antique Weapon Shop.
  1570 | D:2      | Reached skill level 5 in Ice Magic
  1570 | D:2      | Reached XP level 4. HP: 24/33 MP: 8/8
  1575 | D:2      | Learned a level 3 spell: Ozocubu's Armour
  1788 | D:2      | Found Xauts's Magic Scroll Shoppe.
  1797 | D:2      | Bought a scroll of identify for 28 gold pieces
  2351 | D:3      | Found The Oracle's Delphic Readings.
  2482 | D:3      | Found a runed translucent door.
  2483 | D:3      | Noticed Crazy Yiuf
  2542 | D:3      | Noticed Jessica
  2548 | D:3      | Killed Jessica
  2549 | D:3      | Reached XP level 5. HP: 30/40 MP: 9/9
  3377 | D:4      | Reached XP level 6. HP: 33/47 MP: 4/11
  3551 | D:4      | Reached skill level 6 in Ice Magic
  3811 | D:4      | Splashed by a jelly's acid

Illustrated notes

Levels and vault maps discovered:
D:1:      dpeg_arrival_snail, layout_loops_ring
D:2:      layout_basic, serial_shops, nicolae_shop_stone,
          nicolae_lakefront_shop, basic_ecumenical_altar,
          chequers_serial_rivers_room_a, hangedman_abyss_or_decor_lesser_grid,
          minmay_quadrilaterals
D:3:      layout_loops_ring, nicolae_nh_oracle_at_delphi, uniq_jessica,
          uniq_crazy_yiuf_cottage
D:4:      layout_loops_ring, minmay_misc_feat_ornament

Skill      XL: |  1  2  3  4  5  6 |
---------------+-------------------+-----
Fighting       | 1 2 3 |  3.9
Ice Magic      | 5 6 |  6.0
Spellcasting   | 3 |  3.9
Dodging        | |  2.6
Stealth        | |  2.1

Action                     |  1- 3 |  4- 6 || total
---------------------------+-------+-------++-------
  Melee: Unarmed           |     7 |       ||     7
         Short sword       |    94 |   116 ||   210
         Whip              |     8 |       ||     8
         Punch             |     1 |       ||     1
   Cast: Freeze            |    11 |    12 ||    23
         Frozen Ramparts   |       |     3 ||     3
         Ozocubu's Armour  |       |     2 ||     2
   Stab: Sleeping          |     5 |     9 ||    14
         Distracted        |       |     1 ||     1
 Armour: Robe              |    26 |    20 ||    46
  Dodge: Dodged            |    91 |    68 ||   159
